 Dungeon Crawl Stone Soup version 0.20-a0-1015-g2ec8a95 (webtiles) character file.

158 MovingMist the Covered (level 5, 0/33 HPs)
             Began as a Gargoyle Fighter on Apr 15, 2017.
             Killed from afar by an orc wizard (6 damage)
             ... with a magic dart
             ... on level 2 of the Dungeon.
             The game lasted 00:05:20 (1608 turns).

MovingMist the Covered (Gargoyle Fighter)           Turns: 1608, Time: 00:05:21

Health: 0/33       AC: 13    Str: 20    XL:     5   Next: 40%
Magic:  5/5        EV:  6    Int:  8    God:
Gold:   71         SH:  9    Dex: 10    Spells: 4/4 levels left

rFire    . . .     SeeInvis .   a - +1 flail
rCold    . . .     Gourm    .   c - +0 shield
rNeg     + . .     Faith    .   j - +0 chain mail (curse)
rPois    ∞         Spirit   .   (no helmet)
rElec    +         Reflect  .   (no cloak)
rCorr    .         Harm     .   (no gloves)
MR       .....                  (no boots)
Stlth    ..........             (no amulet)
Regen    0.2/turn               (no ring)
MPRegen  0.1/turn               (no ring)

@: no status effects
A: negative energy resistance 1, electricity resistance, unbreathing,
petrification resistance, rot immunity, AC +4
a: no special abilities


You were on level 2 of the Dungeon.
You were not hungry.

You visited 1 branch of the dungeon, and saw 3 of its levels.

You collected 71 gold pieces.

Inventory:

Hand Weapons
 a - a +1 flail (weapon)
Armour
 c - a +0 shield (worn)
 j - a cursed +0 chain mail (worn)
Scrolls
 l - a scroll of enchant armour {unknown}
 m - a scroll of noise {unknown}
Potions
 d - 2 potions of might
 e - a potion of heal wounds {unknown}
 g - 2 potions of cancellation {unknown}
 i - a potion of brilliance {unknown}
 k - a potion of magic {unknown}
Comestibles
 f - a bread ration
 h - 6 chunks of flesh


   Skills:
 + Level 3.9 Fighting
 + Level 2.9 Maces & Flails
 + Level 3.9 Armour
 * Level 2.7 Dodging
 - Level 3.2 Shields


You had 4 spell levels left.
You didn't know any spells.

Dungeon Overview and Level Annotations

Branches:
Dungeon (3/15)

Altars:


Innate Abilities, Weirdness & Mutations

You are resistant to torment.
Your stone body is resilient. (AC +4)
You are immune to poison.
You resist negative energy. (rN+)
You are resistant to electric shocks. (rElec)
You can survive without breathing.
You are immune to petrification.
You are immune to rotting.


Message History

The orc wizard blinks!
There is a stone staircase leading up here.
You feel yourself speed up.
You feel less confused. You block something's attack.
Something hits you but does no damage.
You climb upwards.
There is a stone staircase leading down here.
You hear some strange, mumbled words.
You are confused.
Something hits you but does no damage. Something hits you but does no damage.
Something hits you but does no damage.
There is a stone staircase leading down here.
You bump into the rock wall.
You hear some strange, mumbled words.
Something tries to affect you, but you resist.
You're too confused to move!
Something hits you but does no damage.
You feel less confused.
A magic dart appears from out of thin air!
The magic dart hits you!
You die...

.# ####.# #.#.#.# #.# #......
.# #.# #...#.# #.# #####.#
.#### #.# #.###.#####.# #.#
....# #.# #.....#.....# #.#
###.# #.# #.#####.###.## #)#
#.# #.# ##.##.........# #.# #.#
#.###..<...#.###..# #.# #.#
#.#......#...# #..# #.# #.#
#.#.#..>.@.#####..# ###.# #.#
##.#.##.##.##......# #.... #.#
#.#..##.##.##.####.####.... #.#
##.####.##.##.# #.#....... #.#
### #.##.##.# #.#.##...)
#.#########.##.##.####.#.##....
#...........##........).......#
#####.#####..............######
#.# #######.######.### #


There were no monsters in sight!

Vanquished Creatures
  An orc priest (D:3)
  4 gnolls (D:3)
  2 adders
  3 worms
  2 dart slugs
  A leopard gecko (D:1)
  An orc (D:3)
  5 bats
  3 giant cockroaches (D:1)
  6 goblins
  7 hobgoblins
  4 jackals (D:1)
  A quokka (D:2)
  2 frilled lizards
  9 kobolds
  7 rats
58 creatures vanquished.

Notes
Turn   | Place    | Note
-------+----------+-------------------------------------------
     0 | D:1      | MovingMist the Gargoyle Fighter began the quest for the Orb.
     0 | D:1      | Reached XP level 1. HP: 14/14 MP: 1/1
   183 | D:1      | Reached XP level 2. HP: 19/19 MP: 2/2
   250 | D:1      | Reached skill level 1 in Dodging
   374 | D:1      | Reached XP level 3. HP: 14/23 MP: 3/3
   904 | D:2      | Reached XP level 4. HP: 20/29 MP: 4/4
  1451 | D:3      | Reached XP level 5. HP: 11/33 MP: 5/5
  1608 | D:2      | Killed from afar by an orc wizard

Vault maps used:
D:1:      dpeg_arrival_oval, kennysheep_crisscross
D:3:      chequers_ecumenical_altar_lobes, uniq_grinder

Skill      XL: |  1  2  3 |
---------------+----------+-----
Dodging        | 1 2 |  2.7
Fighting       | |  3.9
Maces & Flails | |  2.9
Armour         | |  3.9
Shields        | |  3.2

Action                   |  1- 3 |  4- 6 || total
-------------------------+-------+-------++-------
Melee: Flail             |   175 |    82 ||   257
  Use: Scroll            |     3 |       ||     3
  Eat: Chunk             |       |     3 ||     3
Armor: Scale mail        |    92 |    27 ||   119
       Chain mail        |       |    44 ||    44
Dodge: Dodged            |    54 |    32 ||    86
Block: Shield            |   101 |    50 ||   151
